 Dungeon Sprint DCSS version 0.30-a0-341-g682706514a (webtiles) character file.

Game seed: 10611005028033697379

2200000 p00ps00p the Slayer (level 15, -6/144 HPs)
             Began as a Demonspawn Gladiator on Nov 4, 2022.
             Was an Elder of Makhleb.
             Mangled by a meat berserker
             ... wielding a +9 battleaxe
              (68 damage)
             ... in the Dungeon (Sprint VIII: "Arena of Blood").
             The game lasted 00:01:37 (22 turns).

p00ps00p the Slayer (Demonspawn Gladiator)            Turns: 22, Time: 00:01:39

Health: -6/144     AC: 10    Str: 20    XL:     15   Next: 66%
Magic:  15/15      EV: 23    Int: 10    God:    Makhleb [****..]
Gold:   0          SH:  0    Dex: 16    Spells: 14/14 levels left

rFire   . . .      SeeInvis .    l - +∞ Axe of Woe
rCold   . . .      Faith    .    (shield currently unavailable)
rNeg    . . .      Spirit   .    b - +0 leather armour
rPois   .          Reflect  .    c - +0 helmet
rElec   .          Harm     .    (no cloak)
rCorr   .          Rampage  .    (no gloves)
Will    +....      NoTele   +    (no boots)
Stlth   ++++++++..               (no amulet)
HPRegen 0.44/turn                (no ring)
MPRegen 0.14/turn                (no ring)

@: on berserk cooldown, slowed, very slow
A: claws 1, foul stench 2, sharp scales 3, demonic magic 1
a: Renounce Religion, Minor Destruction, Lesser Servant of Makhleb, Major
Destruction


You were in the Dungeon.
You worshipped Makhleb.
Makhleb was greatly pleased with you.
You visited 1 branch

Inventory:

Hand Weapons
 a - a +0 war axe
 l - the +∞ Axe of Woe (weapon)
   (You found it in the Dungeon)
Missiles
 d - 3 throwing nets (quivered)
 e - a javelin
Armour
 b - a +0 leather armour (worn)
 c - a +0 helmet (worn)
Jewellery
 j - a +30 ring of slaying
 k - a +30 ring of slaying
Potions
 f - a potion of curing
 g - a potion of heal wounds
 h - a potion of haste
 i - 2 potions of magic


   Skills:
 + Level 21.5 Fighting
 + Level 20.0 Axes
 - Level 1.7 Throwing
 + Level 19.9 Armour
 + Level 20.0 Dodging
 + Level 21.4 Stealth


You had 14 spell levels left.
You didn't know any spells.
Your spell library was empty.

Dungeon Overview and Level Annotations

Branches:
Dungeon (1/1)

Altars:
Makhleb


Innate Abilities, Weirdness & Mutations

You have sharp fingernails.
You sometimes emit foul miasma when damaged in melee.
You are completely covered in razor-sharp scales. (AC +3, Slay +3)
Spells you cast may paralyse adjacent enemies.


Message History

Your experience leads to an increase in your attributes!
Increase (S)trength, (I)ntelligence, or (D)exterity?
You feel stronger. x2; Your demonic ancestry asserts itself...
Your fingernails lengthen.
You slice the bag of meat!!
You butcher the bag of meat messily.
You kill the bag of meat!
Makhleb accepts your kill.
You can now hurl Makhleb's greater destruction.
You hear a shout! x2
A meat berserker comes into view. It is wielding a +9 battleaxe.
You hear a shout! x6
The meat berserker rages.
You hear a shout! x4
The meat berserker hits you with a +9 battleaxe!!!
You hear a shout! x2
Your Axes skill increases to level 19!
Your Armour skill increases to level 19!
Your Dodging skill increases to level 19!
You hear a shout! x7
A meat berserker comes into view. It is wielding a +9 battleaxe.
You hear a shout! x5
There is a burning altar of Makhleb, spattered with blood here.
Items here: ))) === ††.
You hit the meat berserker.
You pulverise the meat berserker into a thin bloody mist.
You kill the meat berserker!
Makhleb accepts your kill.
You hear a shout! x11
Your Fighting skill increases to level 21!
Your Axes skill increases to level 20!
Your Dodging skill increases to level 20!
Your Stealth skill increases to level 21!
j - a +30 ring of slaying;
k - a +30 ring of slaying You hear a shout! x3
The meat berserker rages.
You hear a shout!
A bag of meat comes into view. It is wielding a +9 war axe.
You hear a shout! x2
The meat berserker hits you with a +9 battleaxe!!!
You die...

...... .......o.
#.......# . #...
...# .. ..###...
...###...
......###O.......
....._......OO.
#....O# #_.<)@#
#...))#
....._......
......###......
.o###... ...###.
. #... ...# #...
...# ...o.....


You could see 2 meat berserkers and a bag of meat.

Vanquished Creatures
  2 ogres (D)
  10 orcs (D)
12 creatures vanquished.

Notes
Turn   | Place    | Note
-------+----------+-------------------------------------------
     0 | D        | Found the +∞ Axe of Woe
     0 | D        | p00ps00p the Demonspawn Gladiator began the quest for the
                  | Orb.
     0 | D        | Reached XP level 1. HP: 16/16 MP: 1/1
     2 | D        | Noticed a bag of meat
     3 | D        | Noticed a meat berserker
     4 | D        | Became a worshipper of Makhleb the Destroyer
     4 | D        | Noticed a bag of meat
     5 | D        | Noticed a bag of meat
     5 | D        | Noticed a bag of meat
     5 | D        | Noticed a bag of meat
     5 | D        | Noticed a bag of meat
     5 | D        | Noticed a bag of meat
     7 | D        | Killed a meat berserker
     7 | D        | Noticed a bag of meat
     8 | D        | Gained mutation: You may rarely emit foul miasma when
                  | damaged in melee. [demonic ancestry]
     8 | D        | Reached XP level 2. HP: 41/41 MP: 2/2
     8 | D        | Reached XP level 3. HP: 47/47 MP: 3/3
     8 | D        | Reached XP level 4. HP: 54/54 MP: 4/4
     8 | D        | Gained mutation: You are partially covered in razor-sharp
                  | scales. (AC +1, Slay +1) [demonic ancestry]
     8 | D        | Reached XP level 5. HP: 60/60 MP: 5/5
     8 | D        | Reached XP level 6. HP: 67/67 MP: 6/6
     8 | D        | Gained mutation: Spells you cast may paralyse adjacent
                  | enemies. [demonic ancestry]
     8 | D        | Reached XP level 7. HP: 73/73 MP: 7/7
     8 | D        | Reached XP level 8. HP: 80/80 MP: 8/8
     8 | D        | Gained mutation: You sometimes emit foul miasma when
                  | damaged in melee. [demonic ancestry]
     8 | D        | Reached XP level 9. HP: 86/86 MP: 9/9
     8 | D        | Gained mutation: You are mostly covered in razor-sharp
                  | scales. (AC +2, Slay +2) [demonic ancestry]
     8 | D        | Reached XP level 10. HP: 93/93 MP: 10/10
     8 | D        | Reached XP level 11. HP: 99/99 MP: 11/11
    10 | D        | Killed a bag of meat
    10 | D        | Reached * piety under Makhleb
    10 | D        | Noticed a bag of meat
    11 | D        | Reached skill level 15 in Fighting
    11 | D        | Reached XP level 12. HP: 109/109 MP: 12/12
    11 | D        | Killed a bag of meat
    11 | D        | Noticed a bag of meat
    12 | D        | Reached skill level 15 in Stealth
    12 | D        | Reached XP level 13. HP: 117/117 MP: 13/13
    12 | D        | Killed a bag of meat
    12 | D        | Killed a bag of meat
    12 | D        | Reached ** piety under Makhleb
    13 | D        | Killed a bag of meat
    13 | D        | Killed a bag of meat
    13 | D        | Killed a bag of meat
    13 | D        | Reached *** piety under Makhleb
    14 | D        | Gained mutation: You are completely covered in razor-sharp
                  | scales. (AC +3, Slay +3) [demonic ancestry]
    14 | D        | Reached XP level 14. HP: 133/133 MP: 14/14
    16 | D        | Noticed a meat berserker
    17 | D        | Killed a bag of meat
    17 | D        | Noticed a meat berserker
    18 | D        | Killed a bag of meat
    18 | D        | Noticed a meat berserker
    19 | D        | Gained mutation: You have sharp fingernails. [demonic
                  | ancestry]
    19 | D        | Reached XP level 15. HP: 102/141 MP: 15/15
    19 | D        | Reached **** piety under Makhleb
    19 | D        | Noticed a meat berserker
    20 | D        | Noticed a meat berserker
    21 | D        | Killed a meat berserker
    22 | D        | Mangled by a meat berserker

Illustrated notes

Levels and vault maps discovered:
D:        meatsprint

Skill      XL: |  1  2  3  4  5  6  7  8  9 10 11 12 13 14 15 |
---------------+----------------------------------------------+-----
Fighting       | 13 15 19 20 21 | 21.5
Axes           | 12 14 17 18 20 | 20.0
Armour         | 12 13 14 17 18 19 | 19.9
Dodging        | 12 14 17 18 20 | 20.0
Stealth        | 13 14 15 19 20 21 | 21.4
Throwing       | |  1.7

Action                   |  1- 3 |  4- 6 |  7- 9 | 10-12 | 13-15 || total
-------------------------+-------+-------+-------+-------+-------++-------
Melee: Executioner's axe |     1 |       |       |     2 |     6 ||     9
  Use: Scroll            |     1 |       |       |       |       ||     1
       Potion            |     1 |       |       |       |       ||     1
Dodge: Dodged            |       |       |       |       |     1 ||     1

Table legend: (Time is in decaauts)
 A = Elapsed time spent in this place.
 B = Non-inter-level travel time spent in this place.
 C = Inter-level travel time spent in this place.
 D = Time resting spent in this place.
 E = Time spent auto-exploring this place.
 F = Levels seen in this place.
 G = Mean time per level.
                   A        B        C        D        E       F      G
               +--------+--------+--------+--------+--------+-----+--------+
         Total |     22 |     22 |      0 |      0 |      0 |   1 |   22.0 |
       Dungeon |     22 |     22 |      0 |      0 |      0 |   1 |   22.0 |
               +--------+--------+--------+--------+--------+-----+--------+

Top non-repeatable levels by time:
       D: 22 daAuts
